 Dungeon Crawl Stone Soup version 0.26.0-10-g1f06aea511 (webtiles) character file.

Game seed: 18174464458354414642

4800 Borgoz the Carver (level 10, -5/86 HPs)
             Began as a Ghoul Gladiator on Jan 14, 2021.
             Was a Believer of Ashenzari.
             Slain by Grum
             ... wielding a -1 spear of pain
              (15 damage)
             ... on level 10 of the Dungeon.
             The game lasted 00:15:42 (11709 turns).

Borgoz the Carver (Ghoul Gladiator)                Turns: 11709, Time: 00:15:42

Health: -5/86      AC: 10    Str: 19    XL:     10   Next: 48%
Magic:  9/9        EV: 14    Int:  3    God:    Ashenzari [**....]
Gold:   954        SH:  3    Dex: 13    Spells: 9/9 levels left

rFire    . . .     SeeInvis .   a - +1 long sword
rCold    + . .     Faith    .   o - +0 buckler
rNeg     + + +     Spirit   .   i - +1 leather armour {Will+}
rPois    ∞         Reflect  .   c - +1 helmet
rElec    .         Harm     .   (no cloak)
rCorr    .         Rampage  .   (no gloves)
Will     +....                  p - +2 pair of boots
Stlth    ++........             (no amulet)
HPRegen  0.00/turn              t - ring of stealth
MPRegen  0.11/turn              (no ring)

@: no status effects
A: claws 1, cold resistance 1, negative energy resistance 3, inhibited
regeneration, torment resistance, unbreathing
a: Renounce Religion, Curse Item, Scrying


You were on level 10 of the Dungeon.
You worshipped Ashenzari.
Ashenzari was pleased with you.
You visited 2 branches of the dungeon, and saw 11 of its levels.

You collected 954 gold pieces.

Inventory:

Hand Weapons
 a - a +1 long sword (weapon)
 q - the +7 flail "Ultimatum" {flame, +Blink rC+ Int+2 SInv}
   (You found it on level 8 of the Dungeon)

   It has been specially enchanted to burn those struck by it, causing extra
   injury to most foes and up to half again as much damage against particularly
   susceptible opponents.
   It affects your intelligence (+2).
   It protects you from cold.
   It lets you see invisible.
   It lets you blink.
Armour
 c - a +1 helmet (worn)
 h - a +1 leather armour of cold resistance
 i - a +1 leather armour of willpower (worn)
 o - a +0 buckler (worn)
 p - a +2 pair of boots (worn)
Jewellery
 t - a ring of stealth (left claw)
Wands
 m - a wand of acid (7)
 w - a wand of iceblast (11)
Scrolls
 b - a scroll of teleportation
 d - a scroll of amnesia {unknown}
 e - a scroll of silence
 f - a scroll of fog
 l - 5 scrolls of remove curse
 r - 2 scrolls of magic mapping
 s - 2 scrolls of enchant weapon
Potions
 g - 2 potions of brilliance
 j - a potion of cancellation
 k - a potion of haste
 n - 2 potions of magic
 u - a potion of flight
 v - a potion of lignification {unknown}


   Skills:
 + Level 7.0 Fighting
 * Level 8.6 Long Blades
 - Level 1.7 Throwing
 * Level 8.0 Armour
 + Level 6.1 Dodging


You had 9 spell levels left.
You didn't know any spells.
Your spell library contained the following spells:

 Spells                   Type           Power        Failure   Level
 Animate Skeleton         Necr           0%           75%         1
 Apportation              Tloc           0%           75%         1
 Corona                   Hex            0%           75%         1
 Summon Small Mammal      Summ           0%           75%         1


Dungeon Overview and Level Annotations

Branches:
Dungeon (10/15)            Temple (1/1) D:4            Lair (0/6) D:9
    Orc: D:9-12

Altars:
Ashenzari
Cheibriados
Dithmenos
Elyvilon
Fedhas
Gozag
Hepliaklqana
Kikubaaqudgha
Makhleb
Nemelex Xobeh
Okawaru
Qazlal
Ru
Sif Muna
Trog
Uskayaw
Vehumet
Wu Jian
Xom
Yredelemnul
Zin
The Shining One

Annotations:
D:10 Grum, Nergalle


Innate Abilities, Weirdness & Mutations

You thrive by killing the living.
You are immune to poison.
You have sharp fingernails.
Your flesh is cold resistant. (rC+)
You are immune to negative energy. (rN+++)
You do not regenerate when monsters are visible.
You are immune to unholy pain and torment.
You can survive without breathing.


Message History

You barely miss Grum.
Grum is lightly wounded.
The wolf bites you! Grum hits you with a -1 spear of pain!
* * * LOW HITPOINT WARNING * * *
The wolf closely misses you.
Grum hits you from afar with a -1 spear of pain.
* * * LOW HITPOINT WARNING * * *
The wolf barely misses you. The wolf bites you but does no damage.
You block the wolf's attack. The wolf bites you.
* * * LOW HITPOINT WARNING * * *
The wolf bites you.
* * * LOW HITPOINT WARNING * * *
You block the wolf's attack. The wolf barely misses you.
You riposte.
You hit the wolf but do no damage.
There is a stone staircase leading up here.
The wolf barely misses you.
Grum hits you from afar with a -1 spear of pain!
You die...

, , #.######... ,
#........?., ,
#.......... ,
#........#* * *
#........# *
#........# *####
#........# #...
#..@.....# #...
#..h.....# #...
#..g....># #...
#........# #...
#........# #...
#?.......########...
#........#.....#####
#........#..$..#####
#........#.....##...


You could see Grum and a wolf.

Vanquished Creatures
  Erolcha (D:10)
  Sigmund (D:4)
  A wyvern (D:9)
  Eustachio (D:4)
  4 sky beasts
  An ice beast (D:8)
  An eye of draining (D:4)
  A necrophage (D:8)
  3 ogres
  3 orc warriors
  A phantom (D:8)
  3 centaurs
  2 wolves (D:10)
  A big kobold (D:7)
  6 bullfrogs
  A scorpion (D:6)
  A water moccasin skeleton (D:6)
  3 wights (D:8)
  4 howler monkeys
  A centaur zombie (D:8)
  3 hounds
  12 orc wizards
  7 orc priests
  A bullfrog skeleton (D:8)
  Ijyb (D:4)
  Terence (D:2)
  3 iguanas
  4 worker ants
  A hound skeleton (D:6)
  Robin (D:4)
  6 adders
  2 shadow imps
  2 white imps
  2 ufetubi
  4 worms
  3 dart slugs
  5 leopard geckos
  50 orcs
  2 bats
  3 giant cockroaches
  13 goblins
  5 hobgoblins
  3 jackals
  3 quokkas
  A ball python (D:3)
  5 frilled lizards
  13 kobolds
  5 rats
201 creatures vanquished.

Notes
Turn   | Place    | Note
-------+----------+-------------------------------------------
     0 | D:1      | Borgoz the Ghoul Gladiator began the quest for the Orb.
     0 | D:1      | Reached XP level 1. HP: 17/17 MP: 0/0
    60 | D:1      | Reached XP level 2. HP: 20/24 MP: 1/1
   269 | D:1      | Reached skill level 1 in Armour
   618 | D:1      | Reached XP level 3. HP: 30/30 MP: 2/2
  1059 | D:2      | Reached XP level 4. HP: 37/37 MP: 3/3
  1568 | D:2      | Noticed Terence
  1584 | D:2      | Killed Terence
  1832 | D:2      | Found a snail-covered altar of Cheibriados.
  1904 | D:2      | Found a shimmering blue altar of Sif Muna.
  2051 | D:3      | Reached XP level 5. HP: 26/45 MP: 4/4
  3117 | D:4      | Found a sparkling altar of Nemelex Xobeh.
  3129 | D:4      | Found a white marble altar of Elyvilon.
  3246 | D:4      | Noticed Sigmund
  3247 | D:4      | Noticed Ijyb
  3368 | D:4      | Killed Ijyb
  3406 | D:4      | Killed Sigmund
  3407 | D:4      | Reached XP level 6. HP: 46/51 MP: 5/5
  3503 | D:4      | Noticed Robin
  3516 | D:4      | Killed Robin
  3610 | D:4      | Reached XP level 7. HP: 58/58 MP: 6/6
  3705 | D:4      | Found a staircase to the Ecumenical Temple.
  3712 | Temple   | Entered the Ecumenical Temple
  3909 | D:4      | Found a bloodstained altar of Trog.
  3929 | D:4      | Reached skill level 5 in Long Blades
  4107 | D:4      | Found a broken altar of Ashenzari.
  4161 | D:4      | Noticed Eustachio
  4602 | D:4      | Killed Eustachio
  4603 | D:4      | Reached XP level 8. HP: 25/67 MP: 7/7
  4811 | D:4      | Became a worshipper of Ashenzari the Shackled
  4906 | D:5      | Entered Level 5 of the Dungeon
  5139 | D:5      | Found a hide-covered altar of Uskayaw.
  5178 | D:5      | Found an ancient bone altar of Kikubaaqudgha.
  5539 | D:6      | Reached skill level 5 in Armour
  5661 | D:6      | HP: 1/67 [orc warrior/+0 flail (21)]
  5907 | D:6      | Reached skill level 5 in Fighting
  6354 | D:6      | Reached XP level 9. HP: 63/74 MP: 8/8
  6825 | D:7      | Found a blossoming altar of Fedhas.
  6841 | D:7      | Reached skill level 5 in Dodging
  7008 | D:7      | Reached * piety under Ashenzari
  7141 | D:7      | Found a glowing silver altar of Zin.
  7141 | D:7      | Found a burning altar of Makhleb.
  7142 | D:7      | Noticed a cacodemon
  7142 | D:7      | Noticed an angel
  7669 | D:8      | Got the flail "Ultimatum" {flame, +Blink rC+ Int+2 SInv}
  7670 | D:8      | Identified the +7 flail "Ultimatum" {flame, +Blink rC+
                  | Int+2 SInv} (You found it on level 8 of the Dungeon)
  9451 | D:8      | Found a burning altar of Makhleb.
  9451 | D:8      | Noticed a blizzard demon
  9454 | D:8      | Noticed a hellwing
  9697 | D:9      | Reached XP level 10. HP: 58/84 MP: 9/9
  9717 | D:9      | Found a radiant altar of Vehumet.
  9816 | D:9      | Found a stormy altar of Qazlal.
 10244 | D:9      | Reached ** piety under Ashenzari
 10494 | D:9      | Found a staircase to the Lair.
 10700 | D:10     | Entered Level 10 of the Dungeon
 10833 | D:10     | Noticed Erolcha
 10851 | D:10     | Killed Erolcha
 11134 | D:10     | Noticed Nergalle
 11145 | D:10     | Noticed a spectral orc warlord
 11157 | D:10     | HP: 3/86 [spectral orc warlord/+0 great sword[Nergalle]
                  | (4)]
 11687 | D:10     | Noticed Grum
 11709 | D:10     | Slain by Grum

Illustrated notes

Levels and vault maps discovered:
D:1:      nicolae_arrival_memento_mori, layout_rooms
D:2:      layout_loops_ring, led_sif_pool, lemuel_coloured_pillars_altar,
          uniq_terence
D:3:      layout_loops_ring, serial_glass, glass_columns_a, glass_columns_a
D:4:      layout_loops_ring, elyvilon_altar_4, trog_eyes_of_draining,
          nemelex_xobeh_ov_fountains_minmay, kennysheep_mini_moat,
          minmay_temple_entry_trees, nrook_campfire, uniq_eustachio,
          uniq_sigmund, uniq_ijyb, uniq_robin
D:5:      minmay_spotlight, layout_rooms, kennysheep_mini,
          nicolae_overflow_crystal_walls
D:6:      layout_basic
D:7:      layout_cave_pools, grunt_temple_overflow_order_and_chaos_2,
          fedhas_bush_and_centaur_altar, minmay_curled_crystal
D:8:      minmay_goldmine, layout_rooms, makhleb_altar_promises_db
D:9:      layout_long_grid, overflow_temple_1_default,
          nicolae_qazlal_style_of_elements, lair_entry_dummy
D:10:     layout_stronghold, uniq_erolcha, uniq_erica, uniq_nergalle, uniq_grum
Temple:   nicolae_temple_figure_zero

Skill      XL: |  1  2  3  4  5  6  7  8  9 10 |
---------------+-------------------------------+-----
Armour         | 1 2 3 4 5 7 8 |  8.0
Long Blades    | 3 4 5 6 7 8 |  8.6
Dodging        | 3 4 5 6 |  6.1
Fighting       | 3 4 5 6 7 |  7.0
Throwing       | |  1.7

Action                   |  1- 3 |  4- 6 |  7- 9 | 10-12 || total
-------------------------+-------+-------+-------+-------++-------
Melee: Long sword        |    84 |   191 |   480 |   121 ||   876
       Flail             |       |       |    42 |       ||    42
Throw: Throwing net      |       |     4 |     2 |       ||     6
Evoke: Wand              |       |       |     1 |     6 ||     7
  Use: Scroll            |       |     8 |    10 |     3 ||    21
       Potion            |       |     2 |     6 |     2 ||    10
Armor: Leather armour    |    21 |    57 |   244 |    65 ||   387
Dodge: Dodged            |    54 |   125 |   438 |   134 ||   751
Block: Buckler           |       |    16 |    87 |    28 ||   131
       Rpst.: Long sword |    10 |    31 |   118 |    38 ||   197
